 Dungeon Crawl Stone Soup version 0.18.1-50-g88ac8fd (webtiles) character file.

90 Amnesiac the Ducker (level 4, -1/27 HPs)
             Began as a Deep Elf Fighter on Mar 1, 2018.
             Slain by a worker ant (7 damage)
             ... on level 4 of the Dungeon.
             The game lasted 00:02:01 (972 turns).

Amnesiac the Ducker (Deep Elf Fighter)               Turns: 972, Time: 00:02:02

Health: -1/27      AC:  3    Str: 14    XL:     4   Next: 32%
Magic:  6/6        EV:  8    Int: 13    God:
Gold:   40         SH:  8    Dex: 14    Spells: 0 memorised, 3 levels left

rFire  . . .     SeeInvis .     a - +0 rapier
rCold  . . .     Gourm    .     b - +0 scale mail
rNeg   . . .     Faith    .     c - +0 shield
rPois  .         Spirit   .     (no helmet)
rElec  .         Dismiss  .     (no cloak)
rCorr  .         Reflect  .     (no gloves)
SustAt .         Harm     .     (no boots)
MR     .....                    (no amulet)
Stlth  ..........               (no ring)
                                (no ring)

@: lethally poisoned (-1 -> -6), not resistant to hostile enchantments,
extremely unstealthy
A: blurry vision 1, deformed body, no device heal 1
a: no special abilities


You were on level 4 of the Dungeon.
You were not hungry.

You visited 1 branch of the dungeon, and saw 4 of its levels.

You collected 40 gold pieces.

Inventory:

Hand Weapons
 a - a +0 rapier (weapon)
Missiles
 e - 12 poisoned needles
 g - 60 stones (quivered)
Armour
 b - a +0 scale mail (worn)
 c - a +0 shield (worn)
Scrolls
 i - a scroll of recharging {!r, unknown}
 k - a scroll of random uselessness {!r, unknown}
 o - 2 scrolls of identify {!r, unknown}
 p - a scroll of remove curse {!r, unknown}
Comestibles
 d - 3 chunks of flesh
 f - a bread ration
 m - a beef jerky


   Skills:
 + Level 2.7 Fighting
 - Level 2.0 Short Blades
 + Level 2.9 Armour
 + Level 3.7 Dodging
 - Level 2.4 Shields


You had 3 spell levels left.
You didn't know any spells.

Dungeon Overview and Level Annotations

Branches:
Dungeon (4/15)
 Temple: D:4-7

Altars:
Trog

Annotations:
D:3 1 exclusion


Innate Abilities, Weirdness & Mutations

Scrolls take you a little longer to read.
Armour fits poorly on your strangely shaped body.
Potions and wands are less effective at restoring your health.


Message History

a stone; a short sword; a kobold skeleton; a hobgoblin skeleton The kobold throws a stone.
The stone hits you.
You see here a stone.
You block the kobold's attack.
You hit the kobold.
The kobold is heavily wounded.
The kobold closely misses you.
You hit the kobold.
You kill the kobold!
No target in view!
No target in view!
No target in view!
g - 58 stones (gained 3)
There is an open door here.
Things that are here:
a short sword; a kobold corpse
g - 59 stones (gained 1)
g - 60 stones (gained 1)
Things that are here:
a short sword; a kobold skeleton; a hobgoblin skeleton
There is a stone staircase leading down here.
You start resting.
Some of the chunks of flesh in your inventory have rotted away.
HP restored.
You climb downwards.
The worker ant bites you. You block the worker ant's attack.
There is a stone staircase leading up here.
You hit the worker ant.
The worker ant is moderately wounded.
The worker ant bites you but does no damage.
You hit the worker ant but do no damage.
The worker ant is moderately wounded.
The worker ant bites you but does no damage.
The worker ant bites you.
You completely miss the worker ant.
The worker ant is moderately wounded.
The worker ant bites you.
You hit the worker ant but do no damage.
The worker ant is moderately wounded.
The worker ant closely misses you. x2
You closely miss the worker ant.
The worker ant is moderately wounded.
The worker ant bites you.
You hit the worker ant but do no damage.
The worker ant is moderately wounded.
The worker ant bites you but does no damage.
You hit the worker ant but do no damage.
The worker ant is moderately wounded.
You block the worker ant's attack.
The worker ant bites you but does no damage.
You closely miss the worker ant.
The worker ant is moderately wounded.
The worker ant bites you.
You are poisoned.
The worker ant poisons you!
You hit the worker ant.
The worker ant is heavily wounded.
You feel sick. The worker ant bites you.
* * * LOW HITPOINT WARNING * * *
You hit the worker ant.
The worker ant is heavily wounded.
* * * LOW HITPOINT WARNING * * *
You feel sick. The worker ant bites you!
You die...

###. ######....
#......#.#
##.....##.# .#
###......##.# .####.
##.........#.# .#...
.#..##....@...#
##...#
.........a.#..# #...#
..##...####..#####..#
#..........#...##...#
..########..........#
##...###...####
#..#........).#
#..........##.##
#...######..##..###


You could see a worker ant.

Vanquished Creatures
  A centaur skeleton (D:4)
  A worker ant (D:3)
  2 adders (D:3)
  An adder skeleton (D:4)
  2 giant geckos
  2 hobgoblins
  4 bats
  A goblin (D:1)
  3 kobolds
  5 rats
22 creatures vanquished.

Notes
Turn   | Place    | Note
--------------------------------------------------------------
     0 | D:1      | Amnesiac the Deep Elf Fighter began the quest for the Orb.
     0 | D:1      | Reached XP level 1. HP: 13/13 MP: 3/3
    37 | D:1      | Reached skill level 1 in Dodging
   132 | D:2      | Reached skill level 2 in Dodging
   132 | D:2      | Reached XP level 2. HP: 6/18 MP: 4/4
   459 | D:4      | Reached skill level 3 in Dodging
   524 | D:4      | Reached XP level 3. HP: 15/22 MP: 5/5
   670 | D:3      | Found a bloodstained altar of Trog.
   749 | D:3      | Gained mutation: Potions and wands are less effective at restoring your health. [potion of mutation]
   749 | D:3      | Gained mutation: Armour fits poorly on your strangely shaped body. [potion of mutation]
   749 | D:3      | Gained mutation: Scrolls take you a little longer to read. [potion of mutation]
   755 | D:3      | Reached XP level 4. HP: 15/27 MP: 6/6
   972 | D:4      | Slain by a worker ant

Skill      XL: |  1  2 |
---------------+-------+-----
Dodging        | 2 3 |  3.7
Fighting       | |  2.7
Short Blades   | |  2.0
Armour         | |  2.9
Shields        | |  2.4

Action                   |  1- 3 |  4- 6 || total
-------------------------+-------+-------++-------
Melee: Rapier            |    95 |    15 ||   110
  Use: Potion            |     5 |       ||     5
Armor: Scale mail        |    33 |     4 ||    37
Dodge: Dodged            |    25 |     8 ||    33
Block: Shield            |    48 |     6 ||    54
